 Dungeon Crawl Stone Soup version 0.23.2-1-ga50397a (webtiles) character file.

Game seed: 7601194089242284534

268 Fang the Skirmisher (level 6, -2/39 HPs)
             Began as a Gargoyle Berserker on Apr 24, 2019.
             Was a Believer of Trog.
             Slain by an iguana (6 damage)
             ... on level 4 of the Dungeon.
             The game lasted 00:03:45 (3395 turns).

Fang the Skirmisher (Gargoyle Berserker)            Turns: 3395, Time: 00:03:45

Health: -2/39      AC:  6    Str: 22    XL:     6   Next: 21%
Magic:  6/6        EV: 12    Int:  8    God:    Trog [**....]
Gold:   167        SH:  0    Dex:  9    Spells: 5/5 levels left

rFire    . . .     SeeInvis .   a - +0 hand axe
rCold    . . .     Gourm    .   (no shield)
rNeg     + . .     Faith    .   b - +0 animal skin
rPois    ∞         Spirit   .   (no helmet)
rElec    +         Reflect  .   (no cloak)
rCorr    +         Harm     .   (no gloves)
MR       .....                  (no boots)
Stlth    +.........             (no amulet)
HPRegen  0.13/turn              n - ring of resist corrosion
MPRegen  0.10/turn              (no ring)

@: no status effects
A: negative energy resistance 1, electricity resistance, unbreathing,
petrification resistance, rot immunity, AC +4
a: Berserk, Trog's Hand, Renounce Religion


You were on level 4 of the Dungeon.
You worshipped Trog.
Trog was pleased with you.
You were hungry.

You visited 2 branches of the dungeon, and saw 5 of its levels.

You collected 167 gold pieces.

Inventory:

Hand Weapons
 a - a +0 hand axe (weapon)
Armour
 b - a +0 animal skin (worn)
Jewellery
 n - a ring of resist corrosion (left hand)
 t - the cursed ring "Huwagaq" {MR+ AC-2 Str+4, unknown}
   (You found it on level 4 of the Dungeon)

   [ring of protection]

   It affects your AC (-2).
   It affects your strength (+4).
   It affects your resistance to hostile enchantments.
   It has a curse placed upon it.
Wands
 k - a wand of iceblast (14)
 q - a wand of random effects (19)
Scrolls
 f - a scroll of immolation {unknown}
 g - 8 scrolls of identify {unknown}
 h - a scroll of fog {unknown}
 i - 3 scrolls of teleportation {unknown}
 m - 2 scrolls of enchant weapon {unknown}
 o - a scroll of blinking {unknown}
 s - a scroll of remove curse {unknown}
Potions
 d - a potion of mutation {unknown}
 e - 3 potions of might {unknown}
 j - 2 potions of heal wounds {unknown}
 l - a potion of curing {unknown}
 r - a potion of brilliance {unknown}
 u - a potion of haste {unknown}
Comestibles
 c - 9 rations


   Skills:
 + Level 4.6 Fighting
 + Level 3.8 Axes
 + Level 3.8 Armour
 + Level 2.9 Dodging


You had 5 spell levels left.
You didn't know any spells.
Your spell library was empty.

Dungeon Overview and Level Annotations

Branches:
Dungeon (4/15)             Temple (1/1) D:4

Altars:
Hepliaklqana
Qazlal


Innate Abilities, Weirdness & Mutations

You are resistant to torment.
Your stone body is resilient. (AC +4)
You are immune to poison.
You resist negative energy. (rN+)
You are resistant to electric shocks. (rElec)
You can survive without breathing.
You are immune to petrification.
You are immune to rotting.


Message History

You are too injured to fight recklessly!
You are too injured to fight recklessly!
You are too injured to fight recklessly!
You are too injured to fight recklessly!
You are too injured to fight recklessly!
You are too injured to fight recklessly!
You are too injured to fight recklessly!
You are too injured to fight recklessly!
You slash the iguana!
The iguana is almost dead.
The iguana bites you!
* * * LOW HITPOINT WARNING * * *
You barely miss the iguana.
The iguana is severely wounded.
The iguana bites you.
* * * LOW HITPOINT WARNING * * *
You hit the iguana but do no damage.
The iguana is severely wounded.
The iguana bites you.
You die...

######### #........
#.##..### #.##.....
################.###.###
......l@?......#.....#
#############.....####
#.....######
+........... ..#
#......#.### #.#
........# # #.#
##...###.# #.# #...# .#
#.# #### .#


You could see an iguana.

Vanquished Creatures
  A centaur (D:4)
  An iguana (D:4)
  6 adders
  4 gnolls (D:2)
  An ooze (D:2)
  2 worms (D:3)
  3 dart slugs
  A leopard gecko (D:2)
  2 orcs (D:3)
  3 giant cockroaches
  6 goblins
  4 hobgoblins
  2 jackals (D:3)
  3 quokkas
  2 bats
  3 frilled lizards
  7 kobolds
  7 rats
58 creatures vanquished.

Notes
Turn   | Place    | Note
-------+----------+-------------------------------------------
     0 | D:1      | Fang the Gargoyle Berserker began the quest for the Orb.
     0 | D:1      | Reached XP level 1. HP: 14/14 MP: 1/1
   133 | D:1      | Reached XP level 2. HP: 15/19 MP: 2/2
   920 | D:2      | Reached XP level 3. HP: 24/24 MP: 3/3
  1134 | D:2      | Reached XP level 4. HP: 18/29 MP: 4/4
  1134 | D:2      | Reached ** piety under Trog
  1142 | D:2      | Reached skill level 4 in Fighting
  1898 | D:2      | Reached XP level 5. HP: 24/33 MP: 5/5
  2574 | D:3      | Found a stormy altar of Qazlal.
  2694 | D:3      | Found a hazy altar of Hepliaklqana.
  2801 | D:4      | Found a staircase to the Ecumenical Temple.
  2894 | D:4      | Got a bound steel ring
  2917 | Temple   | Entered the Ecumenical Temple
  3024 | D:4      | Noticed a centaur
  3038 | D:4      | Killed a centaur
  3038 | D:4      | Reached XP level 6. HP: 19/39 MP: 6/6
  3395 | D:4      | Slain by an iguana

Skill      XL: |  1  2  3  4 |
---------------+-------------+-----
Axes           | 3 |  3.8
Dodging        | 2 |  2.9
Armour         | 3 |  3.8
Fighting       | 4 |  4.6

Action                   |  1- 3 |  4- 6 || total
-------------------------+-------+-------++-------
Melee: Hand axe          |    85 |   174 ||   259
Invok: Berserk           |     1 |     1 ||     2
 Stab: Sleeping          |       |     1 ||     1
  Eat: Chunk             |     1 |     8 ||     9
Armor: Animal skin       |    30 |    52 ||    82
Dodge: Dodged            |    56 |   121 ||   177
